AoeStats
← ska_18

Highland

506887929Analyzed
3v3 RM · 15d ago on Sep 15, 2026· 59m 33s· 6 players
Game mode
Random Map
Map size
Normal (6 player)
Population
200
Speed
Normal
Resources
Standard
Victory
Conquest
Starting age
Dark Age
Ending age
Imperial Age
RankedLock teamsTeams togetherTeam positionsShared explorationLock speedFull tech treeHidden civsTurbo modeCheats
Victory
Defeat
🇫🇷 Teutons · France
953
+16
🇪🇸 Japanese · Spain
952
+16
🇬🇷 Chinese · Greece
952
+16
🇩🇪 Teutons · Germany
976
-17
🇪🇸 Franks · Spain
968
-16
🇦🇹 Saracens · Austria
917
-15
Rislo69
11:02 Feudal Age
11:34 Double-Bit Axe
19:19 Castle Age
17:53 Horse Collar
18:11 Stone Mining
18:16 Gold Mining
31:36 Imperial Age
29:44 Wheelbarrow
28:55 Town Watch
30:22 Heavy Plow
31:16 Bloodlines
32:40 Hand Cart
32:10 Loom
33:58 Conscription
33:58 Cavalier
36:16 Caravan
36:33 Squires
36:18 Arson
36:19 Gambesons
36:48 Forging
36:39 Scale Mail Armor
36:44 Scale Barding Armor
37:25 Paladin
39:58 Crop Rotation
39:43 Bow Saw
40:23 Iron Casting
39:55 Pikeman
40:46 Elite Teutonic Knight
43:48 Blast Furnace
43:04 Chain Mail Armor
43:10 Chain Barding Armor
47:59 Onager
50:51 Spies/Treason
57:00 Medium Warships
56:11 Demolition Ship
58:02 Chemistry
57:24 Ballistics
56:55 Heated Shot
57:04 Heavy Demolition Ship
58:10 Heavy Warships
Spartanx
9:37 Feudal Age
10:31 Double-Bit Axe
18:46 Castle Age
17:21 Horse Collar
17:35 Stone Mining
18:00 Gold Mining
19:46 Scale Mail Armor
19:58 Forging
24:56 Gold Shaft Mining
27:03 Iron Casting
27:46 Chain Mail Armor
28:49 Wheelbarrow
30:44 Hand Cart
31:06 Squires
30:52 Arson
37:50 Imperial Age
38:14 Elite Samurai
39:15 Conscription
39:56 Plate Mail Armor
40:08 Bow Saw
40:02 Heavy Plow
41:09 Blast Furnace
50:29 Padded Archer Armor
50:20 Fletching
50:35 Scale Barding Armor
49:54 Crossbowman
50:40 Thumb Ring
49:55 Elite Skirmisher
51:01 Parthian Tactics
49:57 Heavy Cavalry Archer
50:01 Capped Ram
50:02 Onager
52:52 Spies/Treason
58:00 Two-Man Saw
afanas
1:02 Loom
12:20 Feudal Age
16:08 Castle Age
14:29 Horse Collar
14:54 Double-Bit Axe
17:33 Bow Saw
18:31 Heavy Plow
20:38 Wheelbarrow
22:54 Hand Cart
23:52 Gold Mining
23:54 Stone Mining
24:13 Gold Mining
30:35 Imperial Age
29:50 Fortified Wall
30:03 Ballistics
29:50 Padded Archer Armor
29:41 Fletching
31:49 Leather Archer Armor
31:31 Bodkin Arrow
31:37 Scale Mail Armor
31:48 Forging
33:31 Chemistry
32:59 Conscription
32:25 Capped Ram
33:15 Squires
33:50 Elite Fire Lancer
34:47 Siege Ram
37:04 Masonry
38:46 Rocketry
38:31 Bracer
40:00 Ring Archer Armor
40:27 Chain Mail Armor
44:26 Plate Mail Armor
45:01 Elite Chu Ko Nu
54:48 Two-Man Saw
53:31 Spies/Treason
56:13 Gold Shaft Mining
56:17 Stone Shaft Mining
59:57 Murder Holes
60:33 Architecture
60:24 Bombard Tower
Micky
10:50 Feudal Age
15:50 Castle Age
13:55 Double-Bit Axe
15:16 Horse Collar
16:52 Loom
18:04 Bow Saw
18:07 Heavy Plow
22:04 Sanctity
24:43 Squires
24:06 Pikeman
26:44 Forging
28:01 Iron Casting
27:34 Padded Archer Armor
27:25 Fletching
28:01 Elite Skirmisher
28:10 Elite Skirmisher
29:12 Ballistics
29:09 Leather Archer Armor
28:50 Bodkin Arrow
28:57 Gold Mining
28:58 Stone Mining
30:05 Fervor
30:15 Sanctity
30:17 Masonry
31:17 Wheelbarrow
30:27 Town Watch
31:24 Iron Casting
34:10 Imperial Age
34:10 Fortified Wall
34:10 Scale Barding Armor
36:15 Elite Teutonic Knight
39:14 Scale Mail Armor
40:59 Capped Ram
43:13 Crenellations
43:24 Crop Rotation
43:56 Two-Man Saw
43:14 Chain Mail Armor
43:26 Sanctity
43:16 Fervor
44:13 Chemistry
45:29 Crenellations
51:17 Demolition Ship
52:11 Heavy Demolition Ship
57:23 Crenellations
ska_18
jorgedelapp
2:16 Loom
13:26 Feudal Age
14:56 Wheelbarrow
14:07 Town Watch
14:09 Double-Bit Axe
14:34 Gold Mining
16:25 Stone Mining
22:46 Castle Age
22:04 Forging
22:00 Scale Barding Armor
22:21 Fletching
24:11 Hand Cart
24:08 Bow Saw
26:00 Gold Shaft Mining
25:28 Husbandry
28:01 Chain Barding Armor
28:54 Iron Casting
29:33 Ballistics
29:09 Murder Holes
34:48 Imperial Age
32:36 Padded Archer Armor
35:53 Cavalier
Connection lost

Rejoining the realm…

Still unreachable

The connection could not be restored.

Session expired

The server has moved on; the page needs a fresh start.